Map: [ESL] Radhuset Station

Players

ShoWTimE - Winner!

  • Race: Protoss Protoss
  • League: Master
  • Spawn Location: 1:00

Kelazhur

  • Race: Terran Terran
  • Spawn Location: 7:00

Event: IEM Katowice 2024

VOD

Have the link to the VOD?

Description

Time

  • Played on: Dec. 8, 2023, 1:08 p.m.
  • Length: 5:08

All games in this series

Show
View Real Time Build Order
Export as new Build Order

ShoWTimE Protoss - Winner!

Build Orders: 1 Gate Expand 

Get SALT Encoding   

  12  0:00  Probe  
  13  0:12  Probe  
  14  0:19  Pylon  
  14  0:24  Probe  
  15  0:37  Probe (Chrono Boost)  
  15  0:38  Gateway  
  16  0:47  Assimilator  
  16  0:48  Probe (Chrono Boost)  
  17  0:52  Probe (Chrono Boost)  
  18  1:03  Probe  
  19  1:15  Probe  
  20  1:29  Nexus  
  20  1:34  Cybernetics Core  
  20  1:37  Probe  
  21  1:44  Assimilator  
  21  1:50  Probe  
  22  1:57  Pylon  
  22  2:02  Probe  
  23  2:11  Warp Gate  
  23  2:12  Adept (Chrono Boost)  
  23  2:15  Probe  
  26  2:21  Robotics Facility  
  26  2:27  Probe  
  27  2:34  Adept  
  29  2:39  Probe  
  29  2:41  Probe  
  31  2:51  Probe  
  31  2:52  Gateway  
  31  2:53  Probe  
  33  3:03  Probe  
  33  3:05  Probe  
  37  3:08  Immortal (Chrono Boost)  
  39  3:14  Sentry  
  41  3:20  Pylon  
  41  3:27  Gateway  
  41  3:29  Probe  
  41  3:32  Probe  
  43  3:39  Warp Prism (Chrono Boost)  
  43  3:46  Probe x2  
  47  3:53  Pylon  
  47  3:58  Sentry x2  
  47  4:01  Probe x2  
  53  4:08  Immortal (Chrono Boost)  
  53  4:13  Pylon  
  55  4:26  Adept x3  
  57  4:33  Probe  
  58  4:43  Pylon  
  62  4:51  Stalker x2  
  66  4:53  Zealot  
  64  5:01  Assimilator  
Show
View Real Time Build Order
Export as new Build Order

Kelazhur Terran 

Build Orders:  

Get SALT Encoding   

  12  0:00  SCV  
  13  0:12  SCV  
  14  0:17  Supply Depot  
  14  0:24  SCV  
  15  0:39  SCV  
  15  0:40  Barracks  
  16  0:51  SCV  
  17  1:03  SCV  
  18  1:15  Command Center  
  18  1:18  SCV  
  20  1:33  Marine  
  20  1:34  Orbital Command  
  20  1:38  Supply Depot  
  20  1:51  Marine  
  21  2:00  SCV  
  22  2:09  Marine  
  22  2:13  SCV  
  24  2:16  Command Center  
  24  2:25  SCV  
  24  2:26  Marine  
  24  2:28  Orbital Command  
  27  2:37  SCV  
  27  2:40  Barracks  
  27  2:44  Marine  
  27  2:49  SCV  
  29  2:53  Barracks, Refinery  
  29  2:59  SCV  
  29  3:02  Marine  
  29  3:03  SCV  
  29  3:04  Refinery  
  32  3:11  SCV  
  33  3:15  SCV  
  34  3:23  SCV  
  35  3:27  Barracks Tech Lab  
  35  3:28  Marine, SCV  
  35  3:33  Engineering Bay  
  37  3:34  Orbital Command  
  37  3:35  SCV  
  37  3:40  SCV  
  37  3:41  Marine  
  40  3:45  Marine  
  40  3:46  Marine  
  40  3:47  SCV  
  43  3:52  SCV  
  44  3:57  Orbital Command  
  44  3:58  Marine  
  44  3:59  SCV  
  44  4:02  SCV  
  47  4:04  SCV  
  47  4:05  Missile Turret  
  47  4:06  Marine x2, Supply Depot  
  50  4:11  SCV  
  50  4:16  Marine, SCV  
  53  4:23  SCV  
  50  4:25  Marine  
  53  4:31  SCV  
  53  4:32  Barracks Tech Lab  
  53  4:34  Marine  
  53  4:37  SCV  
  51  4:38  Bunker  
  51  4:40  SCV  
  51  4:43  Marine  
  49  4:46  SCV  
  49  4:49  SCV  
  51  4:53  SCV  
  41  5:07  Factory  

Tags
 
Add a new tag
Caveats
  • Supply blocks, unpowered buildings, or Contaminate may cause inaccurate times.
  • Supply counts are checked every 10 seconds.